 Dungeon Crawl Stone Soup version 0.21-a0-522-ga8338f0 (webtiles) character file.

116251 DogShitOnMyToe the Executioner (level 16, -1/247 HPs)
             Began as a Hill Orc Berserker on Dec 7, 2017.
             Was a High Priest of Trog.
             Slain by a faun
             ... wielding a +0 quarterstaff
             ... led by a satyr
              (22 damage)
             ... on level 2 of the Shoals.
             The game lasted 01:10:33 (34971 turns).

DogShitOnMyToe the Executioner (HOBe)              Turns: 34971, Time: 01:10:34

Health: -1/247     AC: 25    Str: 27    XL:     16   Next: 70%
Magic:  16/16      EV:  9    Int:  7    God:    Trog [*****.]
Gold:   2382       SH:  0    Dex: 15    Spells: 15/15 levels left

rFire    + + +     SeeInvis .   m - +7 broad axe of the Well-Known Stories {vamp, +Fly rF+++ rC+}
rCold    + + .     Gourm    .   (no shield)
rNeg     . . .     Faith    .   b - +1 plate armour {rC+}
rPois    .         Spirit   .   z - +2 helmet
rElec    .         Reflect  .   Q - +2 cloak
rCorr    .         Harm     .   (no gloves)
MR       +++..                  (no boots)
Stlth    ..........             P - amulet of regeneration
HPRegen  1.91/turn              D - ring of ice
MPRegen  0.15/turn              U - ring of fire

@: berserking, lethally poisoned (-1 -> -3), regenerating, slowed, studying
Fighting
A: no striking features
a: Berserk, Trog's Hand, Brothers in Arms, Burn Spellbooks, Renounce Religion,
Evoke Flight


You were on level 2 of the Shoals.
You worshipped Trog.
Trog was extremely pleased with you.
You were near starving.

You visited 4 branches of the dungeon, and saw 25 of its levels.
You also visited: Ice Cave.

You collected 2412 gold pieces.
You spent 30 gold pieces at shops.

Inventory:

Hand Weapons
 a - a +9 executioner's axe of venom
 h - a +0 dire flail
 m - the +7 broad axe of the Well-Known Stories (weapon) {vamp, +Fly rF+++ rC+}
   (Trog gifted it to you on level 15 of the Dungeon)

   It inflicts no extra harm, but heals its wielder when it wounds a living foe.
   It renders you almost immune to fire.
   It protects you from cold.
   It lets you fly.
 y - a +7 antimagic executioner's axe
Missiles
 K - 17 silver javelins
 W - 6 throwing nets (quivered)
Armour
 b - a +1 plate armour of cold resistance (worn)
 z - a +2 helmet (worn)
 Q - a +2 cloak (worn)
Jewellery
 g - an uncursed ring of stealth
 D - a ring of ice (left hand)
 P - an amulet of regeneration (around neck)
 U - a ring of fire (right hand)
Wands
 I - a wand of paralysis (5)
 S - a wand of digging (29)
Scrolls
 i - 6 scrolls of noise
 l - 5 scrolls of magic mapping
 n - 4 scrolls of enchant armour
 o - a scroll of enchant weapon
 p - 7 scrolls of teleportation
 r - 4 scrolls of identify
 v - a scroll of brand weapon
 w - 3 scrolls of fog
 x - 11 scrolls of remove curse
 E - 3 scrolls of immolation
 G - 2 scrolls of fear
 L - 2 scrolls of blinking
Potions
 d - 2 potions of invisibility
 e - 7 potions of curing
 f - a potion of resistance
 j - 6 potions of heal wounds
 k - 3 potions of ambrosia
 q - 3 potions of agility
 C - 4 potions of cancellation
 H - 2 potions of flight
 M - 4 potions of might
 N - 2 potions of mutation
 O - 3 potions of haste
Books
 Y - a manual of Fighting
Comestibles
 c - 12 bread rations
 s - 8 meat rations
 t - 10 royal jellies
 R - 14 fruits


   Skills:
 + Level 20.7 Fighting
 - Level 23.3 Axes
 - Level 15.1 Armour
 - Level 1.5 Dodging


You had 15 spell levels left.
You didn't know any spells.

Dungeon Overview and Level Annotations

Branches:
Dungeon (15/15)            Temple (0/1) D:5            Lair (6/6) D:9
 Shoals (2/4) Lair:4       Spider (0/4) Lair:4        Slime (0/5) Lair:5
    Orc (2/2) D:9             Elf (0/3) Orc:2        Vaults (0/5) D:13
 Depths (0/5) D:15

Altars:
Ashenzari
Elyvilon
Gozag
Hepliaklqana
Makhleb
Qazlal
Ru
Trog
Uskayaw
Xom
Yredelemnul
Zin
Beogh
Jiyva

Shops:
D:9 *   D:10 *   Orc:2 *[}(

Annotations:
Lair:5 exclusion: oklob plant


Message History

The sea snake poisons you!
The faun hits you with an uncursed club!!
* * * LOW HITPOINT WARNING * * *
The faun unwields an uncursed hunting sling.
The faun wields an uncursed quarterstaff.
The faun hits you but does no damage.
A red film seems to cover your vision as you go berserk!
You feel yourself moving faster!
You feel mighty!
You are near starving!
You are no longer glowing.
You feel very sick.
The sea snake bites you but does no damage.
The satyr shoots an arrow.
The arrow hits you!
* * * LOW HITPOINT WARNING * * *
The faun hits you with an uncursed club.
* * * LOW HITPOINT WARNING * * *
The sea snake bites you.
* * * LOW HITPOINT WARNING * * *
The faun hits you with an uncursed quarterstaff!!
You die...

≈≈≈≈≈≈≈≈≈≈≈≈≈≈≈≈
≈≈≈≈≈≈≈≈≈≈≈≈≈≈≈≈≈≈≈≈
≈≈≈≈≈≈≈≈≈≈≈≈≈≈≈≈≈≈≈≈≈
≈≈≈≈≈≈≈≈≈≈≈≈≈≈≈≈≈≈≈≈≈≈
≈≈≈≈≈≈≈≈≈≈≈≈≈≈≈≈≈≈≈≈≈≈≈
≈≈≈≈≈≈≈≈.≈≈≈≈≈≈≈≈≈≈≈≈≈≈
≈≈≈≈≈≈.#c..>≈≈≈≈≈≈≈≈≈≈≈
≈≈≈≈≈≈.cScc≈≈≈≈≈≈≈≈≈≈≈≈
≈≈≈≈≈..##@c≈≈≈≈≈≈≈≈≈≈≈≈≈≈≈
≈≈≈≈≈.# ##.....≈≈≈≈≈≈≈≈≈≈≈
≈c≈≈.. #(..#.≈≈≈≈≈≈≈≈≈≈≈


.ccc. ######.≈≈≈≈≈≈≈≈≈≈ ≈≈Sc# #..≈≈≈≈≈≈≈≈≈ ≈..# ###..≈≈≈≈≈≈≈≈≈ ..#
##...≈≈≈≈≈≈≈≈≈≈ #####...≈≈≈≈≈≈≈≈≈≈≈ ##......≈≈≈≈≈≈≈≈≈≈.≈ You could see a satyr,
a sea snake, 3 fauns and a centaur.

Vanquished Creatures
  Gastronok (Lair:1)
  Nessos (Lair:5)
  2 merfolk javelineers (Shoals:2)
  3 merfolk impalers (Shoals:2)
  A yaktaur captain (D:13)
  4 hydras
  A rakshasa (D:15)
  The ghost of nomadicburrito the Grappler, a novice TrFi of Qazlal (Orc:1)
  2 catoblepae
  An alligator (Lair:6)
  5 centaur warriors
  A merfolk avatar (Shoals:1)
  7 two-headed ogres
  3 merfolk aquamancers
  9 orc high priests
  Sonja (Lair:4)
  5 sea snakes (Shoals:2)
  6 skeletal warriors
  3 orc knights
  A glowing orange brain (D:15)
  A phantasmal warrior (D:10)
  Pikel (D:5)
  3 harpies (Shoals:2)
  A necromancer (IceCv)
  2 ugly things
  5 fauns
  5 cyclopes
  2 deep elf magi (D:15)
  14 slime creatures
  6 elephants
  8 manticores
  Maurice (D:8)
  An ice statue (IceCv)
  7 black mambas
  7 merfolk sirens
  A centaur zombie (D:14)
  A torpor snail (shapeshifter) (D:15)
  3 gargoyles
  Psyche (D:8)
  2 centaur skeletons
  9 spiny frogs
  A spiny frog (shapeshifter) (D:15)
  A rime drake (Lair:3)
  10 freezing wraiths (IceCv)
  2 yaktaurs (D:13)
  2 ice devils (Lair:1)
  6 komodo dragons
  2 tengu conjurers (D:15)
  10 merfolk
  9 polar bears (Lair:6)
  4 trolls
  Grinder (D:3)
  3 raiju (Lair:6)
  A wolf spider simulacrum (IceCv)
  A blink frog (shapeshifter) (D:15)
  18 blink frogs
  19 dream sheep
  9 hippogriffs
  2 snapping turtles
  An air elemental (D:14)
  2 spriggans
  9 water elementals
  A redback (Lair:4)
  A vampire (D:11)
  A wraith (D:10)
  A fire elemental (D:14)
  24 yaks
  2 basilisks
  2 wyverns
  4 vampire mosquitoes (D:14)
  Menkaure (D:5)
  17 wargs
  3 hungry ghosts
  24 water moccasins
  12 hell hounds (Lair:6)
  Duvessa (D:6)
  6 porcupines
  29 orc warriors
  11 ice beasts
  A sky beast (D:13)
  An eye of draining (D:10)
  A necrophage (D:11)
  17 black bears
  A black bear (shapeshifter) (D:15)
  7 phantoms
  25 wolves
  8 ogres
  12 centaurs
  13 crocodiles
  2 elf zombies (D:4)
  3 big kobolds
  12 bullfrogs
  An earth elemental (D:14)
  Dowan (D:6)
  A water moccasin zombie (D:7)
  A wyvern zombie (D:13)
  7 scorpions
  15 killer bees
  A swamp dragon simulacrum (IceCv)
  18 wights
  5 howler monkeys
  A bullfrog zombie (D:8)
  9 crimson imps
  9 draconian simulacra (IceCv)
  Crazy Yiuf (D:3)
  A gnoll shaman (D:7)
  10 hounds
  3 jellies
  37 orc priests
  A human skeleton (D:4)
  5 iguanas
  22 orc wizards
  4 worker ants
  Natasha (twice) (D:3)
  Ijyb (D:5)
  A polar bear simulacrum (IceCv)
  A wolf simulacrum (IceCv)
  A troll simulacrum (IceCv)
  4 centaur simulacra (IceCv)
  2 hound zombies
  A hound skeleton (D:7)
  A worker ant zombie (D:11)
  9 gnolls
  3 naga simulacra (IceCv)
  3 ogre simulacra (IceCv)
  28 adders
  4 shadow imps
  12 white imps (IceCv)
  3 adder skeletons
  6 worms
  A dart slug (D:2)
  3 leopard geckos
  96 orcs
  7 bats
  5 giant cockroaches
  3 goblins
  4 hobgoblins
  2 jackals (D:1)
  19 kobolds
  2 quokkas
  A ball python (D:3)
  4 frilled lizards
  A jackal skeleton (D:5)
  A leopard gecko skeleton (D:8)
  2 leopard gecko zombies
  An orc skeleton (D:4)
  2 orc zombies (D:4)
  A quokka skeleton (D:4)
  A quokka zombie (D:9)
  15 rats
  8 fungi
  25 plants
934 creatures vanquished.

Vanquished Creatures (collateral kills)
  A merfolk javelineer (Shoals:2)
  A merfolk impaler (Shoals:2)
  A death knight (D:10)
  A skeletal warrior (D:10)
  A phantasmal warrior (D:10)
5 creatures vanquished.

Vanquished Creatures (others)
  A wight (D:10)
  An orc priest (D:10)
  A worm (D:5)
  An orc (Orc:2)
  A frilled lizard (D:5)
  A fungus (Lair:6)
  6 plants (Lair:6)
12 creatures vanquished.

Grand Total: 951 creatures vanquished

Notes
Turn   | Place    | Note
-------+----------+-------------------------------------------
     0 | D:1      | DogShitOnMyToe the Hill Orc Berserker began the quest for the Orb.
     0 | D:1      | Reached XP level 1. HP: 19/19 MP: 1/1
   118 | D:1      | Reached XP level 2. HP: 19/26 MP: 2/2
   228 | D:1      | Reached skill level 5 in Axes
   595 | D:2      | Reached XP level 3. HP: 31/31 MP: 3/3
   601 | D:2      | Reached skill level 6 in Axes
   720 | D:2      | Reached ** piety under Trog
   771 | D:2      | Reached XP level 4. HP: 33/39 MP: 4/4
  1027 | D:2      | Found a bloodstained altar of Trog.
  1618 | D:3      | Reached skill level 7 in Axes
  1758 | D:3      | HP: 19/39 [gnoll (4)]
  1766 | D:3      | Reached XP level 5. HP: 21/45 MP: 5/5
  1767 | D:3      | HP: 22/67 [goblin/dagger (1)]
  1914 | D:3      | HP: 19/45 [scorpion (6)]
  1915 | D:3      | Reached skill level 8 in Axes
  1919 | D:3      | HP: 10/45 [poisoned by a scorpion]
  1924 | D:3      | HP: 7/45 [poisoned by a scorpion]
  1929 | D:3      | HP: 5/45 [poisoned by a scorpion]
  1934 | D:3      | HP: 3/45 [poisoned by a scorpion]
  1939 | D:3      | HP: 5/45 [poisoned by a scorpion]
  1944 | D:3      | HP: 6/45 [poisoned by a scorpion]
  1949 | D:3      | HP: 6/45 [poisoned by a scorpion]
  1954 | D:3      | HP: 5/45 [poisoned by a scorpion]
  2298 | D:3      | HP: 20/45 [orc/hand axe (4)]
  2526 | D:3      | Noticed Grinder
  2553 | D:3      | Killed Grinder
  2553 | D:3      | Reached skill level 9 in Axes
  2553 | D:3      | Reached XP level 6. HP: 43/51 MP: 6/6
  2725 | D:3      | Reached skill level 10 in Axes
  2726 | D:3      | Reached XP level 7. HP: 57/57 MP: 7/7
  2856 | D:3      | Noticed Natasha
  2865 | D:3      | Killed Natasha
  3132 | D:3      | Noticed Natasha
  3143 | D:3      | Killed Natasha
  3478 | D:3      | Found a runed door.
  3482 | D:3      | Noticed Crazy Yiuf
  3487 | D:3      | Killed Crazy Yiuf
  3875 | D:4      | HP: 24/57 [ogre/giant club (14)]
  3876 | D:4      | Reached skill level 11 in Axes
  4250 | D:4      | HP: 24/57 [phantom (7)]
  4348 | D:4      | HP: 41/85 [elf zombie (6)]
  4352 | D:4      | Reached XP level 8. HP: 47/64 MP: 8/8
  4425 | D:4      | HP: 46/96 [elf zombie (5)]
  4430 | D:4      | Reached skill level 12 in Axes
  4553 | D:4      | Reached *** piety under Trog
  4564 | D:4      | HP: 29/64 [orc wizard/dagger (5)]
  5048 | D:4      | HP: 32/64 [worm (3)]
  5408 | D:5      | Entered Level 5 of the Dungeon
  5425 | D:5      | Reached skill level 13 in Axes
  5557 | D:5      | Noticed Ijyb
  5558 | D:5      | HP: 28/64 [centaur/arrow (6)]
  5563 | D:5      | HP: 34/96 [Ijyb (1)]
  5566 | D:5      | Killed Ijyb
  6012 | D:5      | Found a sacrificial altar of Ru.
  6083 | D:5      | Noticed Pikel
  6096 | D:5      | Killed Pikel
  6096 | D:5      | Reached skill level 14 in Axes
  6096 | D:5      | Reached XP level 9. HP: 55/70 MP: 9/9
  6176 | D:5      | HP: 30/70 [worker ant (6)]
  6182 | D:5      | HP: 16/70 [poisoned by a worker ant]
  6189 | D:5      | HP: 13/70 [poisoned by a worker ant]
  6197 | D:5      | HP: 12/70 [poisoned by a worker ant]
  6205 | D:5      | HP: 12/70 [poisoned by a worker ant]
  6731 | D:5      | Found a staircase to the Ecumenical Temple.
  6842 | D:5      | Noticed Menkaure
  6850 | D:5      | Killed Menkaure
  6850 | D:5      | Reached skill level 15 in Axes
  6923 | D:5      | Found a shimmering altar of Xom.
  7038 | D:6      | Noticed Duvessa
  7038 | D:6      | Noticed Dowan
  7058 | D:6      | Killed Duvessa
  7059 | D:6      | HP: 33/70 [Dowan/stone arrow (14)]
  7063 | D:6      | Killed Dowan
  7248 | D:6      | Found a hazy altar of Hepliaklqana.
  7250 | D:6      | Found a hide-covered altar of Uskayaw.
  7281 | D:6      | Found a shattered altar of Ashenzari.
  7653 | D:6      | Found a bloodstained altar of Trog.
  7683 | D:6      | Found a glowing silver altar of Zin.
  8699 | D:7      | Reached skill level 16 in Axes
  8745 | D:7      | HP: 52/105 [wight/flail (2)]
  8752 | D:7      | HP: 50/105 [wight/enchanted battleaxe (2)]
  9178 | D:7      | Found a burning altar of Makhleb.
  9178 | D:7      | Noticed a balrug
  9181 | D:7      | Noticed an orange demon
  9181 | D:7      | Noticed an orange demon
  9332 | D:7      | Reached skill level 17 in Axes
  9332 | D:7      | Reached XP level 10. HP: 77/77 MP: 10/10
  9402 | D:7      | Noticed a two-headed ogre
  9411 | D:7      | Killed a two-headed ogre
  9904 | D:7      | Reached skill level 18 in Axes
  9909 | D:7      | Paralysed by an orc for 5 turns
 10094 | D:8      | Noticed a two-headed ogre
 10102 | D:8      | Killed a two-headed ogre
 10269 | D:8      | Noticed Maurice
 10307 | D:8      | Killed Maurice
 10516 | D:8      | Received a gift from Trog
 10516 | D:8      | Reached skill level 19 in Axes
 10552 | D:8      | HP: 38/77 [orc warrior/hand axe (15)]
 10557 | D:8      | HP: 53/115 [orc warrior/hand axe (9)]
 10636 | D:8      | Reached XP level 11. HP: 56/82 MP: 11/11
 10639 | D:8      | HP: 39/82 [yak (6)]
 10646 | D:8      | HP: 21/82 [yak (11)]
 10647 | D:8      | HP: 8/82 [yak (14)]
 10658 | D:8      | HP: 16/82 [hippogriff (5)]
 10688 | D:8      | HP: 39/82 [yak (5)]
 10694 | D:8      | HP: 44/123 [hippogriff (4)]
 10700 | D:8      | HP: 38/123 [yak (8)]
 10766 | D:8      | Found an opulent altar of Gozag.
 10852 | D:8      | Found a stormy altar of Qazlal.
 10975 | D:8      | Noticed a two-headed ogre
 10982 | D:8      | Killed a two-headed ogre
 10982 | D:8      | Reached skill level 20 in Axes
 11015 | D:8      | Noticed Psyche
 11025 | D:8      | Killed Psyche
 11025 | D:8      | Reached skill level 4 in Fighting
 11067 | D:8      | Reached **** piety under Trog
 11351 | D:9      | Found a staircase to the Orcish Mines.
 11401 | D:9      | HP: 59/126 [porcupine's spines (7)]
 11402 | D:9      | Reached skill level 3 in Armour
 11403 | D:9      | HP: 24/127 [porcupine's spines (11)]
 11406 | D:9      | HP: 1/127 [porcupine's spines (13)]
 11490 | D:8      | HP: 24/85 [killer bee (3)]
 11495 | D:8      | HP: 21/85 [poisoned by a killer bee]
 11500 | D:8      | HP: 19/85 [poisoned by a killer bee]
 11505 | D:8      | HP: 16/85 [poisoned by a killer bee]
 11511 | D:8      | HP: 15/85 [poisoned by a killer bee]
 11517 | D:8      | HP: 14/85 [poisoned by a killer bee]
 11525 | D:8      | HP: 14/85 [poisoned by a killer bee]
 11922 | D:9      | Reached skill level 5 in Fighting
 12334 | D:9      | Found a white marble altar of Elyvilon.
 12343 | D:9      | Reached skill level 4 in Armour
 12580 | D:9      | Found Duenuacy's General Store.
 12662 | D:9      | Found a staircase to the Lair.
 12832 | Orc:1    | Entered Level 1 of the Orcish Mines
 12847 | D:9      | HP: 64/132 [troll (10)]
 12898 | Orc:1    | HP: 43/89 [orc warrior/trident (10)]
 13092 | Orc:1    | Noticed nomadicburrito's ghost (novice TrFi)
 13112 | Orc:1    | Killed nomadicburrito's ghost
 13112 | Orc:1    | Reached skill level 6 in Fighting
 13112 | Orc:1    | Reached skill level 5 in Armour
 13320 | Orc:1    | HP: 42/91 [orc warrior/broad axe (6)]
 13326 | Orc:1    | HP: 34/91 [orc warrior/war axe (14)]
 13342 | Orc:1    | Noticed an orc knight
 13371 | Orc:1    | Reached skill level 7 in Fighting
 13381 | Orc:1    | Killed an orc knight
 13381 | Orc:1    | Reached skill level 6 in Armour
 13444 | Orc:1    | Noticed an orc knight
 13446 | Orc:1    | Noticed an orc high priest
 13466 | Orc:1    | Noticed a soul eater
 13629 | Orc:1    | HP: 65/138 [orc warrior/long sword (8)]
 13835 | Orc:1    | Noticed a sixfirhy
 13836 | Orc:1    | Killed an orc high priest
 13836 | Orc:1    | Reached skill level 8 in Fighting
 13836 | Orc:1    | Reached XP level 12. HP: 101/101 MP: 12/12
 13903 | Orc:1    | Reached skill level 7 in Armour
 14312 | Orc:1    | Found a roughly hewn altar of Beogh.
 14409 | Orc:2    | Entered Level 2 of the Orcish Mines
 14546 | Orc:2    | HP: 62/154 [cyclops (22)]
 14815 | Orc:2    | Reached skill level 9 in Fighting
 14834 | Orc:2    | HP: 48/104 [orc priest/divine providence (10)]
 14847 | Orc:2    | Found a staircase to the Elven Halls.
 14853 | Orc:2    | Noticed an orc high priest
 14861 | Orc:2    | HP: 45/104 [orc warrior/short sword (12)]
 14879 | Orc:1    | HP: 31/104 [warg (8)]
 14893 | Orc:1    | Reached skill level 8 in Armour
 15256 | Orc:2    | Found a roughly hewn altar of Beogh.
 15394 | Orc:2    | Noticed an orc high priest
 15424 | Orc:2    | Noticed a soul eater
 15426 | Orc:2    | Killed an orc high priest
 15429 | Orc:2    | Killed an orc high priest
 15550 | Orc:2    | Noticed an orc high priest
 15674 | Orc:2    | Killed an orc high priest
 15674 | Orc:2    | Reached skill level 10 in Fighting
 15696 | Orc:2    | Reached skill level 9 in Armour
 15907 | Orc:2    | Noticed an orc high priest
 15916 | Orc:2    | Killed an orc high priest
 15957 | Orc:2    | Noticed an orc high priest
 15964 | Orc:2    | Killed an orc high priest
 16001 | Orc:2    | Found Hurghuigh's Assorted Antiques.
 16001 | Orc:2    | Found Bosaodd's Antique Armour Emporium.
 16002 | Orc:2    | Noticed an orc high priest
 16005 | Orc:2    | Noticed an orc high priest
 16010 | Orc:2    | HP: 54/108 [hellwing[an orc high priest] (3)]
 16019 | Orc:2    | HP: 52/108 [hellwing[an orc high priest] (3)]
 16026 | Orc:2    | HP: 53/108 [hellwing[an orc high priest] (7)]
 16407 | Orc:2    | Found Sosaupn's Gadget Boutique.
 16407 | Orc:2    | Found Ufuhocw's Antique Weapon Emporium.
 16465 | Orc:2    | Killed an orc high priest
 16485 | Orc:2    | Killed an orc high priest
 16485 | Orc:2    | Reached skill level 11 in Fighting
 16486 | Orc:2    | Found a roughly hewn altar of Beogh.
 16711 | Orc:2    | Noticed an orc high priest
 16724 | Orc:2    | Killed an orc high priest
 16724 | Orc:2    | Reached skill level 10 in Armour
 16864 | Lair:1   | Entered Level 1 of the Lair of Beasts
 16988 | Lair:1   | Reached ***** piety under Trog
 16988 | Lair:1   | Reached XP level 13. HP: 86/116 MP: 13/13
 17232 | Lair:1   | Found a frozen archway.
 17255 | IceCv    | Identified a paperback manual
 17255 | IceCv    | Entered an ice cave
 17468 | IceCv    | Reached skill level 12 in Fighting
 17535 | IceCv    | Reached skill level 11 in Armour
 17751 | IceCv    | Found an ancient bone altar of Kikubaaqudgha.
 17780 | IceCv    | Received a gift from Trog
 18597 | Lair:1   | Noticed Gastronok
 18619 | Lair:1   | Killed Gastronok
 18856 | Lair:2   | Reached skill level 13 in Fighting
 18968 | Lair:2   | Reached skill level 12 in Armour
 20593 | Lair:3   | HP: 60/123 [poisoned by a spiny frog]
 20598 | Lair:3   | HP: 57/123 [poisoned by a spiny frog]
 20604 | Lair:3   | HP: 54/123 [poisoned by a spiny frog]
 20609 | Lair:3   | HP: 53/123 [poisoned by a spiny frog]
 20615 | Lair:3   | HP: 53/123 [poisoned by a spiny frog]
 20623 | Lair:3   | HP: 53/123 [poisoned by a spiny frog]
 21760 | Lair:4   | Reached skill level 14 in Fighting
 21840 | Lair:4   | Reached XP level 14. HP: 70/132 MP: 14/14
 21843 | Lair:4   | Reached skill level 13 in Armour
 22431 | Lair:4   | Received a gift from Trog
 22466 | Lair:4   | Found a hole to the Spider Nest.
 22528 | Lair:4   | Noticed Sonja
 22535 | Lair:4   | Killed Sonja
 22628 | Lair:4   | Found a staircase to the Shoals.
 23157 | Lair:5   | Reached skill level 15 in Fighting
 23390 | Lair:5   | Noticed Nessos
 23391 | Lair:5   | Found a viscous altar of Jiyva.
 23391 | Lair:5   | Found a staircase to the Slime Pits.
 23401 | Lair:5   | Killed Nessos
 23401 | Lair:5   | HP: 67/135 [black mamba (6)]
 23406 | Lair:5   | HP: 54/135 [poisoned by a black mamba]
 23411 | Lair:5   | HP: 51/135 [poisoned by a black mamba]
 23417 | Lair:5   | HP: 48/135 [poisoned by a black mamba]
 23423 | Lair:5   | HP: 47/135 [poisoned by a black mamba]
 23429 | Lair:5   | HP: 47/135 [poisoned by a black mamba]
 23437 | Lair:5   | HP: 47/135 [poisoned by a black mamba]
 24060 | Lair:6   | Entered Level 6 of the Lair of Beasts
 24091 | Lair:6   | Reached skill level 14 in Armour
 25509 | Lair:6   | HP: 61/136 [alligator (15)]
 25514 | Lair:6   | HP: 57/136 [alligator (1)]
 25516 | Lair:6   | Reached skill level 16 in Fighting
 26399 | Lair:6   | Reached skill level 15 in Armour
 26410 | Lair:6   | Reached XP level 15. HP: 145/145 MP: 15/15
 26436 | Lair:6   | Reached ****** piety under Trog
 27004 | D:10     | Entered Level 10 of the Dungeon
 27153 | D:10     | Received a gift from Trog
 27391 | D:10     | Found Kesuifila's General Store.
 27407 | D:10     | Bought a scroll of fog for 30 gold pieces
 27877 | D:10     | HP: 64/145 [skeletal warrior/mace[a death knight] (12)]
 27884 | D:10     | HP: 63/145 [skeletal warrior/mace[a death knight] (3)]
 27903 | D:10     | HP: 54/145 [phantasmal warrior[a death knight] (13)]
 28471 | D:11     | Reached skill level 21 in Axes
 29210 | D:11     | Received a gift from Trog
 29801 | D:12     | Found a basalt altar of Yredelemnul.
 30633 | D:13     | Found a gate to the Vaults.
 30638 | D:13     | Reached skill level 22 in Axes
 30639 | D:13     | HP: 59/145 [catoblepas (23)]
 30891 | D:13     | Received a gift from Trog
 31676 | D:14     | Found a large runed door.
 31680 | D:14     | Found a large runed door.
 32243 | D:15     | Entered Level 15 of the Dungeon
 32292 | D:15     | Found a sacrificial altar of Ru.
 32561 | D:15     | Reached skill level 23 in Axes
 32577 | D:15     | Reached XP level 16. HP: 152/152 MP: 16/16
 32621 | D:15     | Received a gift from Trog
 32623 | D:15     | Found a staircase to the Depths.
 32645 | D:15     | Got an ancient broad axe {god gift}
 32646 | D:15     | Identified the +7 broad axe of the Well-Known Stories {vamp, +Fly rF+++ rC+} (Trog gifted it to you on level 15 of the Dungeon)
 33161 | Shoals:1 | Entered Level 1 of the Shoals
 33204 | Shoals:1 | Reached skill level 17 in Fighting
 33313 | Shoals:1 | HP: 68/157 [water elemental (13)]
 33319 | Shoals:1 | HP: 51/157 [poisoned by a merfolk aquamancer]
 33325 | Shoals:1 | HP: 66/157 [poisoned by a merfolk aquamancer]
 33330 | Shoals:1 | HP: 74/157 [poisoned by a merfolk aquamancer]
 33499 | Shoals:1 | Reached skill level 18 in Fighting
 34246 | Shoals:2 | HP: 78/159 [merfolk aquamancer/torrent of water (26)]
 34254 | Shoals:2 | HP: 113/238 [merfolk impaler/trident of piercing (17)]
 34259 | Shoals:2 | HP: 75/238 [merfolk impaler/trident of piercing (3)]
 34265 | Shoals:2 | Reached skill level 19 in Fighting
 34266 | Shoals:2 | HP: 91/240 [barbs]
 34271 | Shoals:2 | HP: 120/240 [poisoned by a sea snake]
 34276 | Shoals:2 | HP: 104/240 [poisoned by a sea snake]
 34281 | Shoals:2 | HP: 97/241 [barbs]
 34283 | Shoals:2 | HP: 46/161 [barbs]
 34288 | Shoals:1 | HP: 33/161 [poisoned by a sea snake]
 34293 | Shoals:1 | HP: 34/161 [poisoned by a sea snake]
 34298 | Shoals:1 | HP: 39/161 [poisoned by a sea snake]
 34303 | Shoals:1 | HP: 41/161 [poisoned by a sea snake]
 34308 | Shoals:1 | HP: 44/161 [poisoned by a sea snake]
 34316 | Shoals:1 | HP: 48/161 [poisoned by a sea snake]
 34682 | Shoals:2 | Reached skill level 20 in Fighting
 34969 | Shoals:2 | HP: 81/165 [satyr/arrow (23)]
 34970 | Shoals:2 | HP: 30/165 [faun/uncursed club[a satyr] (22)]
 34971 | Shoals:2 | Slain by a faun

Vault maps used:
D:1:      dpeg_arrival_rooms_a, columned_hall_lemuel, minmay_stone_trees_medium,
          minmay_box_of_dots
D:2:      first_bread, trog_three_pillars_becter
D:3:      uniq_grinder, uniq_crazy_yiuf_cottage, uniq_natasha
D:4:      nicolae_ossuary_entry_catacombs, minmay_statues_item,
          grunt_ministairs_7
D:5:      nicolae_ru_path_of_blood, minmay_temple_entry_enclosed_plants,
          basic_altar, wad_floor_pattern_untrapped, uniq_menkaure, uniq_ijyb,
          uniq_pikel
D:6:      cheibrodos_ashenzari_chains, zin_statuary, lemuel_crystal_altar,
          chequers_temple_overflow_statue_of_worship, serial_corexii_hall,
          corexii_hall_statues_l, corexii_hall_statues_i, uniq_duvessa
D:7:      makhleb_altar_promises_db
D:8:      grunt_qazlal_sundering, kennysheep_mini_moat, uniq_maurice,
          uniq_psyche
D:9:      elyvilon_altar_5, grunt_lair_entry_orc_guard_hut, orc_0_dummy,
          serial_shops, kennysheep_little_box
D:10:     serial_shops, shop
D:11:     the_bakery
D:12:     yredelemnul_altar_generic
D:13:     lemuel_reptile_caves, david_vaults_2
D:14:     serial_glass, glass_columns_b, glass_columns_a,
          small_statue_intersection, lightli_elemental_guards
D:15:     gammafunk_enter_depths_forms, kennysheep_flooded_box,
          bh_walls_and_bars
Lair:1:   portal_ice_cave_demonic_guard, uniq_gastronok
Lair:2:   grunt_forest_large_clearing_hut
Lair:3:   grunt_megastairs_5, lemuel_fruit_tree
Lair:4:   elwin_shoals_entry_rooms, spider_nest_entry_a, uniq_sonja
Lair:5:   slime_altar_1, dpeg_stationary_puzzle, grunt_megastairs_3, uniq_nessos
Lair:6:   hangedman_lair_caniforms_friends
Shoals:2: nicolae_shoals_mertower
Orc:1:    basic_altar, special_room, nicolae_orc_pool_cavern
Orc:2:    st_orc_town, basic_altar
IceCv:    ice_cave_small_necro

Skill      XL: |  1  2  3  4  5  6  7  8  9 10 11 12 13 14 15 16 |
---------------+-------------------------------------------------+-----
Axes           | 5 6 7 9 10 11 14 17 19 20 23 | 23.3
Fighting       | 8 11 14 16 20 | 20.7
Armour         | 6 10 12 15 | 15.1
Dodging        | |  1.5

Action                   |  1- 3 |  4- 6 |  7- 9 | 10-12 | 13-15 | 16-18 || total
-------------------------+-------+-------+-------+-------+-------+-------++-------
Melee: Hand axe          |    70 |   126 |   527 |       |       |       ||   723
       Battleaxe         |       |       |    28 |   708 |   744 |       ||  1480
       Dire flail        |       |       |       |       |    25 |       ||    25
       Executioner's axe |       |       |       |       |   397 |    31 ||   428
       Unarmed           |       |       |       |       |     8 |       ||     8
       Broad axe         |       |       |       |       |       |   253 ||   253
Throw: Throwing net      |       |       |     1 |       |       |       ||     1
       Javelin           |       |       |       |     2 |       |       ||     2
Invok: Berserk           |     1 |     5 |    10 |    16 |    15 |     4 ||    51
       Trog's Hand       |       |     4 |     3 |    15 |     4 |     6 ||    32
       Burn Spellbooks   |       |       |     1 |     2 |     4 |     1 ||     8
       Brothers in Arms  |       |       |       |       |     1 |     1 ||     2
Evoke: Wand              |       |       |       |       |     4 |       ||     4
  Use: Scroll            |       |       |       |    15 |    23 |     1 ||    39
       Potion            |       |       |       |       |       |     1 ||     1
 Stab: Sleeping          |       |     1 |     3 |     1 |       |       ||     5
       Paralysed         |       |       |       |       |     4 |       ||     4
       Petrified         |       |       |       |       |     1 |       ||     1
  Eat: Chunk             |     1 |     7 |    27 |    35 |    52 |     5 ||   127
       Royal jelly       |       |     1 |     1 |     2 |       |       ||     4
       Bread ration      |       |     1 |       |       |       |       ||     1
       Meat ration       |       |       |     1 |     1 |     4 |     2 ||     8
       Fruit             |       |       |       |     1 |       |       ||     1
Armor: Animal skin       |    21 |    11 |    23 |       |       |       ||    55
       Leather armour    |       |       |    57 |    66 |       |       ||   123
       Plate armour      |       |       |       |   225 |   769 |   203 ||  1197
       Skin              |       |       |       |       |     3 |       ||     3
Dodge: Dodged            |    45 |    64 |   167 |   262 |   417 |   104 ||  1059

Table legend:
 A = Spawn XP
 B = Non-spawn XP
 C = Spawn XP percentage of total XP
 D = Spawn monster count
 E = Non-spawn monster count
 F = Spawn count percentage of total count
 G = Total turns spent on level
                    A         B        C        D         E        F      G
               +---------+---------+-------+---------+---------+-------+---------
         Total |       0 |  166073 |   0.0 |       0 |     906 |   0.0 | 34971
               +---------+---------+-------+---------+---------+-------+---------
           D:1 |       0 |      21 |   0.0 |       0 |      14 |   0.0 |   584
           D:2 |       0 |     110 |   0.0 |       0 |      30 |   0.0 |  1003
           D:3 |       0 |     661 |   0.0 |       0 |      30 |   0.0 |  2142
           D:4 |       0 |     815 |   0.0 |       0 |      27 |   0.0 |  1679
           D:5 |       0 |    1329 |   0.0 |       0 |      18 |   0.0 |  1630
           D:6 |       0 |     399 |   0.0 |       0 |       6 |   0.0 |   917
           D:7 |       0 |    2980 |   0.0 |       0 |      34 |   0.0 |  2139
           D:8 |       0 |    5688 |   0.0 |       0 |      36 |   0.0 |  1621
           D:9 |       0 |    2285 |   0.0 |       0 |      30 |   0.0 |  1970
          D:10 |       0 |    6627 |   0.0 |       0 |      52 |   0.0 |  1527
          D:11 |       0 |   10235 |   0.0 |       0 |      31 |   0.0 |   809
          D:12 |       0 |    3872 |   0.0 |       0 |      27 |   0.0 |   790
          D:13 |       0 |    8950 |   0.0 |       0 |      63 |   0.0 |   998
          D:14 |       0 |    6732 |   0.0 |       0 |      46 |   0.0 |  1056
          D:15 |       0 |   10921 |   0.0 |       0 |      27 |   0.0 |   762
        Lair:1 |       0 |    4864 |   0.0 |       0 |      10 |   0.0 |   872
        Lair:2 |       0 |    5550 |   0.0 |       0 |      24 |   0.0 |  1266
        Lair:3 |       0 |    4086 |   0.0 |       0 |      17 |   0.0 |  1620
        Lair:4 |       0 |    9759 |   0.0 |       0 |      34 |   0.0 |  1544
        Lair:5 |       0 |    6990 |   0.0 |       0 |      22 |   0.0 |   967
        Lair:6 |       0 |   19785 |   0.0 |       0 |      89 |   0.0 |  2752
      Shoals:1 |       0 |   13815 |   0.0 |       0 |      33 |   0.0 |  1193
      Shoals:2 |       0 |   16746 |   0.0 |       0 |      27 |   0.0 |   617
         Orc:1 |       0 |    6065 |   0.0 |       0 |      40 |   0.0 |  1580
         Orc:2 |       0 |   10213 |   0.0 |       0 |      85 |   0.0 |  1818
         IceCv |       0 |    6575 |   0.0 |       0 |      54 |   0.0 |  1115
               +---------+---------+-------+---------+---------+-------+---------
